Penguins vs Americans

Created - January 10, 2024 at 19:50

Goals
1 2 3 T
Penguins 0 1 0 1
Americans 2 4 1 7
Shots
1 2 3 T
Penguins 15 11 7 33
Americans 15 8 14 37

1st period

1. Americans , Richard Nejezchleb 9 (Jonas Brodin 10, Connor Hellebyuk) at 14:04 (PP)
2. Americans , Teemu Pulkkinen 15 (Joel Eriksson Ek 33) at 17:48

Penalties :
Xavier Bouchard (Roc) for Slashing (Minor) at 2:14, Joel Eriksson Ek (Roc) for Tripping (Minor) at 5:38, Victor Mete (Roc) for High sticking (Minor) at 9:23, Adam Brooks (Wil) for Elbowing (Minor) at 13:53

2nd period

3. Penguins , Gavin Bayreuther 9 (Max Gortz 8) at 0:34
4. Americans , John Leonard 3 (Jonas Brodin 11, Jesperi Kotkaniemi 4) at 2:55
5. Americans , Jonas Brodin 4 (Teemu Pulkkinen 8, Joel Eriksson Ek 34) at 3:31 (PP)
6. Americans , Jonas Brodin 5 (Marc Michaelis 17) at 5:04 (PP)
7. Americans , Joel Eriksson Ek 22 (Jonas Brodin 12) at 5:10

Penalties :
Adam Brooks (Wil) for Hooking (Minor) at 2:58, Matthew Finn (Wil) for High sticking (Minor) at 4:32

3rd period

8. Americans , Dillon Heatherington 4 (Marc Michaelis 18, Alex Schoenborn 7) at 11:46 (PP)

Penalties :
Iven Barbashev (Wil) for Interference (Minor) at 11:12, Alex Schoenborn (Roc) for Holding Stick (Minor) at 16:17

Goalie Stats

Anthony Stolarz (Wil), 17 saves from 20 shots - (0.850), 36:29 minutes
Jeremy Swayman (Wil), 13 saves from 17 shots - (0.765), L, 12-8-1, 23:31 minutes
Connor Hellebyuk (Roc), 32 saves from 33 shots - (0.970), W, 15-12-3, 60:00 minutes

Players Stats for Penguins

Player Name              G  A  P  +/- PIM S  H  SB GA TA FO     MP     PP MP  PK MP  
------------------------------------------------------------------------------------
Adam Brooks              0  0  0  -3  4   3  3  0  0  0  18/33  22:06   4:14   1:03 
Brett Kulak              0  0  0  -1  0   2  2  1  0  1  0/0    26:02   4:49   1:50 
Dakota Mermis            0  0  0  -1  0   2  0  2  1  0  0/0    19:48   3:07   0:00 
Eetu Luostarinen         0  0  0   1  0   0  0  0  0  1  0/0    17:07   3:39   0:15 
Gavin Bayreuther         1  0  1  -1  0   3  2  1  1  1  0/0    26:02   4:49   1:50 
Iven Barbashev           0  0  0  -3  2   7  1  0  2  1  0/0    22:17   4:14   1:13 
Jeff Malott              0  0  0   0  0   0  0  0  1  1  0/0    11:38   0:03   0:00 
Jesper Boqvist           0  0  0   0  0   1  1  1  0  1  1/1     8:54   0:03   0:00 
John Marino              0  0  0  -1  0   0  1  2  0  0  0/0    19:48   3:07   0:00 
Kevin Stenlund           0  0  0   0  0   0  0  0  0  0  1/1     8:35   0:00   0:00 
Mathew Barzal            0  0  0  -3  0   5  0  0  0  0  1/1    21:05   4:14   0:00 
Matthew Finn             0  0  0   0  2   0  2  1  0  1  0/0    14:09   0:00   0:00 
Max Gortz                0  1  1   1  0   5  0  1  0  0  2/2    17:47   3:39   0:55 
Noah Dobson              0  0  0   0  0   1  0  1  0  0  0/0    14:10   0:00   0:00 
Philipp Kurashev         0  0  0   1  0   1  1  0  0  0  7/13   17:06   3:39   0:14 
Ryan MacInnis            0  0  0   0  0   2  0  1  0  0  1/4    11:19   0:00   0:00 
Sam Kurker               0  0  0   0  0   1  1  0  0  0  0/0    11:38   0:03   0:00 
Sampo Ranta              0  0  0   0  0   0  0  0  0  1  0/0     8:35   0:00   0:00 

Players Stats for Americans

Player Name              G  A  P  +/- PIM S  H  SB GA TA FO     MP     PP MP  PK MP  
------------------------------------------------------------------------------------
Alex Schoenborn          0  1  1  -1  2   1  3  1  0  0  0/0    15:59   0:24   0:00 
Cameron Hughes           0  0  0   0  0   0  0  0  0  0  0/1     1:39   0:00   1:39 
Daniel Sprong            0  0  0   0  0   1  0  0  0  0  0/0    11:09   0:00   0:00 
Dillon Heatherington     1  0  1   1  0   3  3  2  0  1  0/0    25:56   1:50   4:46 
Dmitri Semykin           0  0  0   0  0   0  0  0  0  0  0/0     6:50   0:00   0:00 
Jesperi Kotkaniemi       0  1  1   1  0   0  2  0  0  0  0/0     7:30   0:00   0:22 
Joel Eriksson Ek         1  2  3   2  2   3  0  0  3  0  14/28  20:50   1:26   3:05 
Joel Teasdale            0  0  0   0  0   0  0  0  0  0  0/0     0:00   0:00   0:00 
John Leonard             1  0  1   1  0   1  0  0  1  0  1/1     7:08   0:00   0:00 
Jonas Brodin             2  3  5   1  0   3  0  0  0  0  0/0    24:59   1:50   4:24 
Lauri Pajuniemi          0  0  0   0  0   0  0  0  0  0  0/0     0:00   0:00   0:00 
Marc Michaelis           0  2  2  -1  0   1  2  2  0  0  0/0    18:31   0:24   2:30 
Matt Grzelcyk            0  0  0   0  0   0  0  1  0  0  0/0     0:09   0:00   0:00 
Maxim Mamin              0  0  0   0  0   3  1  0  0  0  2/3    11:09   0:00   0:00 
Nathan Noel              0  0  0  -1  0   2  1  0  1  1  3/11   15:53   0:24   0:00 
Richard Nejezchleb       1  0  1   2  0   1  0  1  1  1  1/3    20:23   1:26   2:30 
Spencer Stastney         0  0  0   0  0   0  1  0  0  1  0/0    12:33   0:00   2:26 
Tarmo Reunanen           0  0  0   1  0   1  2  1  0  0  0/0    19:11   0:00   0:00 
Teemu Pulkkinen          1  1  2   2  0   4  0  0  1  0  3/8    22:01   1:26   4:15 
Victor Mete              0  0  0   1  2   8  2  1  0  1  0/0    17:38   0:00   2:42 
Vladimir Tkachev         0  0  0   0  0   2  0  0  1  0  0/0    12:41   0:00   1:31 
Xavier Bouchard          0  0  0   0  2   3  1  0  0  0  0/0    12:43   0:00   1:34 
Zachary Senyshyn         0  0  0   1  0   0  0  0  0  0  0/0     7:08   0:00   0:00 

3 Stars

1 - Jonas Brodin (Roc)
2 - Connor Hellebyuk (Roc)
3 - Joel Eriksson Ek (Roc)

Power Play

Penguins - 0 on 4 Attempt(s) - 0.00%
Americans - 4 on 4 Attempt(s) - 100.00%

Penalty Kill

Penguins - 0 on 4 Attempt(s) - 0.00% - Score 0 goal in Penalty Kill
Americans - 4 on 4 Attempt(s) - 100.00% - Score 0 goal in Penalty Kill

Team Stat

Penguins - Hits : 14 - Faceoff Wins : 31 - Blocked Shots : 11 - Penalty Minutes : 8
Americans - Hits : 18 - Faceoff Wins : 24 - Blocked Shots : 9 - Penalty Minutes : 8

Official

Referees : Wes McCauley and Jacob Brenk
Linesman : Ryan Gibbons and Kory Nagy

Game Notes

Matt Grzelcyk is injured at 1:07 of 1st period (Upper Body)
Anthony Stolarz enters game at 3:31 of 2nd period

Finance

Level 1 -- Attendance: 1866 (93.30%) -- Ticket Income $130,620
Level 2 -- Attendance: 966 (96.60%) -- Ticket Income $38,640
Total Attendance: 2832 (94.40%)
Total Ticket Income: $169,260
Other Income: $8,463
Total Income: $177,723

Penguins

5 vs 5 Forward 
   Center                   Left Wing                Right Wing               Time % Phy DF OF 
 1 Adam Brooks              Iven Barbashev           Mathew Barzal            40     1   2  2  
 2 Philipp Kurashev         Eetu Luostarinen         Max Gortz                30     1   2  2  
 3 Ryan MacInnis            Jeff Malott              Sam Kurker               20     1   2  2  
 4 Kevin Stenlund           Sampo Ranta              Jesper Boqvist           10     1   2  2  

5 vs 5 Defense 
   Defense                  Defense                                           Time % Phy DF OF 
 1 Brett Kulak              Gavin Bayreuther                                  40     1   2  2  
 2 Dakota Mermis            John Marino                                       30     1   2  2  
 3 Matthew Finn             Noah Dobson                                       20     1   2  2  
 4 Brett Kulak              Gavin Bayreuther                                  10     1   2  2  

PowerPlay Forward 
   Center                   Left Wing                Right Wing               Time % Phy DF OF 
 1 Adam Brooks              Iven Barbashev           Mathew Barzal            60     1   2  2  
 2 Philipp Kurashev         Eetu Luostarinen         Max Gortz                40     1   2  2  

PowerPlay Defense
   Defense                  Defense                                           Time % Phy DF OF 
 1 Brett Kulak              Gavin Bayreuther                                  60     1   2  2  
 2 Dakota Mermis            John Marino                                       40     1   2  2  

Penalty Kill 4 Players Forward 
   Center                   Wing                     Time % Phy DF OF 
 1 Adam Brooks              Iven Barbashev           60     1   2  2  
 2 Philipp Kurashev         Eetu Luostarinen         40     1   2  2  

Penalty Kill 4 Players Defense
   Defense                  Defense                  Time % Phy DF OF 
 1 Brett Kulak              Gavin Bayreuther         60     1   2  2  
 2 Dakota Mermis            John Marino              40     1   2  2  

Penalty Kill - 3 Players Forward 
   Forward                                           Time % Phy DF OF 
 1 Adam Brooks                                       60     1   2  2  
 2 Philipp Kurashev                                  40     1   2  2  

Penalty Kill - 3 Players Defense
   Defense                  Defense                  Time % Phy DF OF 
 1 Brett Kulak              Gavin Bayreuther         60     1   2  2  
 2 Dakota Mermis            John Marino              40     1   2  2  

4 vs 4 Forward 
   Center                   Wing                     Time % Phy DF OF 
 1 Adam Brooks              Iven Barbashev           60     1   2  2  
 2 Philipp Kurashev         Eetu Luostarinen         40     1   2  2  

4 vs 4 Defense
   Defense                  Defense                  Time % Phy DF OF 
 1 Brett Kulak              Gavin Bayreuther         60     1   2  2  
 2 Dakota Mermis            John Marino              40     1   2  2  

Last Minutes Offensive
   Center                   Left Wing                Right Wing               Defense                  Defense                  
   Adam Brooks              Iven Barbashev           Mathew Barzal            Brett Kulak              Gavin Bayreuther         

Last Minutes Defensive
   Center                   Left Wing                Right Wing               Defense                  Defense                  
   Adam Brooks              Iven Barbashev           Mathew Barzal            Brett Kulak              Gavin Bayreuther         

Goaltenders
Starting : Jeremy Swayman           
Backup : Anthony Stolarz          

Extra Forwards
Normal : Max Gortz, Sam Kurker, Jeff Malott - PP : Max Gortz, Sam Kurker - PK : Max Gortz
Extra Defensemen
Normal : John Marino, Matthew Finn, Noah Dobson - PP : John Marino - PK : John Marino, Matthew Finn
Penalty Shots
Mathew Barzal, Iven Barbashev, Eetu Luostarinen, Adam Brooks, Max Gortz
Custom OT Lines Forwards
Mathew Barzal, Iven Barbashev, Eetu Luostarinen, Adam Brooks, Max Gortz, Sam Kurker, Jeff Malott, Jesper Boqvist, Philipp Kurashev, Ryan MacInnis
Custom OT Lines Defensemen
Brett Kulak, Gavin Bayreuther, Dakota Mermis, John Marino, Matthew Finn

Scratches
Brett Pollock (Healthy), Denis Malgin (Left Forearm Injury), Josh Ho-Sang (Healthy), Juuso Ikonen (Healthy), Austin Strand (Healthy)
Steven Spinner (Healthy), Shawn Boudrias (Healthy), Zachary Bouthillier (Healthy)

Americans

5 vs 5 Forward 
   Center                   Left Wing                Right Wing               Time % Phy DF OF 
 1 Joel Eriksson Ek         Teemu Pulkkinen          Richard Nejezchleb       40     1   2  2  
 2 Nathan Noel              Marc Michaelis           Alex Schoenborn          30     1   2  2  
 3 Maxim Mamin              Vladimir Tkachev         Daniel Sprong            20     1   2  2  
 4 Jesperi Kotkaniemi       John Leonard             Zachary Senyshyn         10     1   2  2  

5 vs 5 Defense 
   Defense                  Defense                                           Time % Phy DF OF 
 1 Jonas Brodin             Dillon Heatherington                              40     1   2  2  
 2 Matt Grzelcyk            Victor Mete                                       30     1   2  2  
 3 Tarmo Reunanen           Spencer Stastney                                  20     1   2  2  
 4 Xavier Bouchard          Dmitri Semykin                                    10     1   2  2  

PowerPlay Forward 
   Center                   Left Wing                Right Wing               Time % Phy DF OF 
 1 Joel Eriksson Ek         Teemu Pulkkinen          Richard Nejezchleb       60     1   2  2  
 2 Nathan Noel              Marc Michaelis           Alex Schoenborn          40     1   2  2  

PowerPlay Defense
   Defense                  Defense                                           Time % Phy DF OF 
 1 Jonas Brodin             Dillon Heatherington                              60     1   2  2  
 2 Matt Grzelcyk            Victor Mete                                       40     1   2  2  

Penalty Kill 4 Players Forward 
   Center                   Wing                     Time % Phy DF OF 
 1 Teemu Pulkkinen          Joel Eriksson Ek         60     1   2  2  
 2 Marc Michaelis           Richard Nejezchleb       40     1   2  2  

Penalty Kill 4 Players Defense
   Defense                  Defense                  Time % Phy DF OF 
 1 Jonas Brodin             Dillon Heatherington     60     1   2  2  
 2 Matt Grzelcyk            Victor Mete              40     1   2  2  

Penalty Kill - 3 Players Forward 
   Forward                                           Time % Phy DF OF 
 1 Teemu Pulkkinen                                   60     1   2  2  
 2 Joel Eriksson Ek                                  40     1   2  2  

Penalty Kill - 3 Players Defense
   Defense                  Defense                  Time % Phy DF OF 
 1 Jonas Brodin             Dillon Heatherington     60     1   2  2  
 2 Matt Grzelcyk            Victor Mete              40     1   2  2  

4 vs 4 Forward 
   Center                   Wing                     Time % Phy DF OF 
 1 Teemu Pulkkinen          Joel Eriksson Ek         60     1   2  2  
 2 Marc Michaelis           Richard Nejezchleb       40     1   2  2  

4 vs 4 Defense
   Defense                  Defense                  Time % Phy DF OF 
 1 Jonas Brodin             Dillon Heatherington     60     1   2  2  
 2 Matt Grzelcyk            Victor Mete              40     1   2  2  

Last Minutes Offensive
   Center                   Left Wing                Right Wing               Defense                  Defense                  
   Joel Eriksson Ek         Teemu Pulkkinen          Richard Nejezchleb       Jonas Brodin             Dillon Heatherington     

Last Minutes Defensive
   Center                   Left Wing                Right Wing               Defense                  Defense                  
   Joel Eriksson Ek         Teemu Pulkkinen          Richard Nejezchleb       Jonas Brodin             Dillon Heatherington     

Goaltenders
Starting : Connor Hellebyuk         
Backup : Peyton Jones             

Extra Forwards
Normal : Lauri Pajuniemi, Joel Teasdale, Cameron Hughes - PP : Lauri Pajuniemi, Joel Teasdale - PK : Cameron Hughes
Extra Defensemen
Normal : Tarmo Reunanen, Spencer Stastney, Xavier Bouchard - PP : Tarmo Reunanen - PK : Spencer Stastney, Xavier Bouchard
Penalty Shots
Teemu Pulkkinen, Joel Eriksson Ek, Marc Michaelis, Richard Nejezchleb, Vladimir Tkachev
Custom OT Lines Forwards
Teemu Pulkkinen, Joel Eriksson Ek, Marc Michaelis, Richard Nejezchleb, Vladimir Tkachev, Nathan Noel, Maxim Mamin, Alex Schoenborn, Daniel Sprong, Jesperi Kotkaniemi
Custom OT Lines Defensemen
Jonas Brodin, Dillon Heatherington, Matt Grzelcyk, Victor Mete, Tarmo Reunanen

Scratches
Ryan Fitzgerald (Bruised Left Foot Injury)

% Time on Ice - Penguins

Lines # - Real PCT - Wanted PCT - Time Play
Normal Forward
1 - 34% - 40% - 17:07
2 - 26% - 30% - 13:13
3 - 23% - 20% - 11:19
4 - 17% - 10% - 8:35
Normal Defense
1 - 36% - 40% - 18:14
2 - 33% - 30% - 16:41
3 - 28% - 20% - 14:10
4 - 2% - 10% - 1:09
PP Forward
1 - 54% - 60% - 4:17
2 - 46% - 40% - 3:39
PP Defense
1 - 61% - 60% - 4:49
2 - 39% - 40% - 3:07
PK Forward
1 - 97% - 60% - 1:47
2 - 3% - 40% - 0:03
PK Defense
1 - 100% - 60% - 1:50
2 - 0% - 40% - 0:00
PK3 Forward
1 - 0% - 60%
2 - 0% - 40%
PK3 Defense
1 - 0% - 60%
2 - 0% - 40%
44 Forward
1 - 0% - 60%
2 - 0% - 40%
44 Defense
1 - 0% - 60%
2 - 0% - 40%
Last Minute Offensive  - 0:00
Last Minute Defensive  - 0:00
Total
Forward - 60:00
Defense - 60:00

% Time on Ice - Americans

Lines # - Real PCT - Wanted PCT - Time Play
Normal Forward
1 - 33% - 40% - 16:20
2 - 31% - 30% - 15:37
3 - 22% - 20% - 11:09
4 - 14% - 10% - 7:08
Normal Defense
1 - 37% - 40% - 18:44
2 - 30% - 30% - 14:58
3 - 19% - 20% - 9:42
4 - 14% - 10% - 6:50
PP Forward
1 - 78% - 60% - 1:26
2 - 22% - 40% - 0:24
PP Defense
1 - 100% - 60% - 1:50
2 - 0% - 40% - 0:00
PK Forward
1 - 68% - 60% - 5:26
2 - 32% - 40% - 2:30
PK Defense
1 - 45% - 60% - 3:35
2 - 55% - 40% - 4:21
PK3 Forward
1 - 0% - 60%
2 - 0% - 40%
PK3 Defense
1 - 0% - 60%
2 - 0% - 40%
44 Forward
1 - 0% - 60%
2 - 0% - 40%
44 Defense
1 - 0% - 60%
2 - 0% - 40%
Last Minute Offensive  - 0:00
Last Minute Defensive  - 0:00
Total
Forward - 60:00
Defense - 60:00

Play-by-Play

1st period


0:01 of 1st period - Joel Eriksson Ek wins face-off versus Adam Brooks in neutral zone.
0:15 of 1st period - Snap shot by Iven Barbashev.
0:15 of 1st period - Shot Misses the Net.
0:32 of 1st period - Jonas Brodin is hit by John Marino and loses puck.
1:07 of 1st period - Slapshot by Jesper Boqvist.
1:07 of 1st period - Shot Blocked by Matt Grzelcyk.
1:07 of 1st period - Matt Grzelcyk from Americans is injured at 1:07 of 1st period (Upper Body).
1:08 of 1st period - Joel Eriksson Ek wins face-off versus Adam Brooks in Americans zone.
1:19 of 1st period - Tarmo Reunanen is hit by Adam Brooks and loses puck.
1:48 of 1st period - Matthew Finn is hit by Marc Michaelis and loses puck.
1:59 of 1st period - Snap shot by Max Gortz.
1:59 of 1st period - Shot Blocked by Marc Michaelis.
2:05 of 1st period - Wrist shot by Max Gortz.
2:05 of 1st period - Stopped by Connor Hellebyuk with a rebound.
2:11 of 1st period - Backhand shot by Max Gortz.
2:11 of 1st period - Stopped by Connor Hellebyuk without a rebound.
2:12 of 1st period - Joel Eriksson Ek wins face-off versus Adam Brooks in Americans zone.
2:14 of 1st period - Minor Penalty to Xavier Bouchard for Slashing.
2:15 of 1st period - Adam Brooks wins face-off versus Teemu Pulkkinen in Americans zone.
2:15 of 1st period - Snap shot by Iven Barbashev.
2:15 of 1st period - Stopped by Connor Hellebyuk without a rebound.
2:16 of 1st period - Teemu Pulkkinen wins face-off versus Adam Brooks in Americans zone.
4:14 of 1st period - Penalty to Xavier Bouchard is over, Xavier Bouchard is back on ice.
4:24 of 1st period - Snap shot by Sam Kurker.
4:24 of 1st period - Shot Blocked by Victor Mete.
4:26 of 1st period - Wrist shot by Sam Kurker.
4:26 of 1st period - Shot Misses the Net.
4:59 of 1st period - Icing by Dmitri Semykin.
5:00 of 1st period - Nathan Noel wins face-off versus Ryan MacInnis in Americans zone.
5:31 of 1st period - Snap shot by Jesper Boqvist.
5:31 of 1st period - Stopped by Connor Hellebyuk with a rebound.
5:38 of 1st period - Minor Penalty to Joel Eriksson Ek for Tripping.
5:39 of 1st period - Adam Brooks wins face-off versus Cameron Hughes in Americans zone.
7:19 of 1st period - Brett Kulak is hit by Dillon Heatherington and loses puck.
7:38 of 1st period - Penalty to Joel Eriksson Ek is over, Joel Eriksson Ek is back on ice.
8:24 of 1st period - Off-side.
8:25 of 1st period - Kevin Stenlund wins face-off versus Joel Eriksson Ek in neutral zone.
9:08 of 1st period - Wrist shot by Max Gortz.
9:08 of 1st period - Stopped by Connor Hellebyuk with a rebound.
9:23 of 1st period - Minor Penalty to Victor Mete for High sticking.
9:24 of 1st period - Adam Brooks wins face-off versus Teemu Pulkkinen in Americans zone.
9:25 of 1st period - Slapshot by Mathew Barzal.
9:25 of 1st period - Stopped by Connor Hellebyuk without a rebound.
9:26 of 1st period - Adam Brooks wins face-off versus Teemu Pulkkinen in Americans zone.
9:39 of 1st period - Wrist shot by Mathew Barzal.
9:39 of 1st period - Shot Misses the Net.
9:41 of 1st period - Snap shot by Adam Brooks.
9:41 of 1st period - Stopped by Connor Hellebyuk with a rebound.
9:51 of 1st period - Dillon Heatherington is hit by Gavin Bayreuther and loses puck.
11:23 of 1st period - Penalty to Victor Mete is over, Victor Mete is back on ice.
12:52 of 1st period - Adam Brooks is hit by Alex Schoenborn and loses puck.
13:09 of 1st period - Wrist shot by Maxim Mamin.
13:09 of 1st period - Shot Blocked by Matthew Finn.
13:11 of 1st period - Snap shot by Vladimir Tkachev.
13:11 of 1st period - Stopped by Jeremy Swayman without a rebound.
13:12 of 1st period - Maxim Mamin wins face-off versus Philipp Kurashev in Penguins zone.
13:50 of 1st period - Snap shot by Joel Eriksson Ek.
13:50 of 1st period - Stopped by Jeremy Swayman without a rebound.
13:51 of 1st period - Adam Brooks wins face-off versus Joel Eriksson Ek in Penguins zone.
13:53 of 1st period - Minor Penalty to Adam Brooks for Elbowing.
13:54 of 1st period - Max Gortz wins face-off versus Joel Eriksson Ek in Penguins zone.
14:04 of 1st period - Slapshot by Richard Nejezchleb.
14:04 of 1st period - Goal by Richard Nejezchleb - Penguins : 0 - Americans : 1.
14:05 of 1st period - Adam Brooks wins face-off versus Joel Eriksson Ek in neutral zone.
14:15 of 1st period - Off-side.
14:16 of 1st period - Adam Brooks wins face-off versus Richard Nejezchleb in neutral zone.
14:33 of 1st period - Snap shot by Joel Eriksson Ek.
14:33 of 1st period - Stopped by Jeremy Swayman without a rebound.
14:34 of 1st period - Philipp Kurashev wins face-off versus Nathan Noel in Penguins zone.
14:42 of 1st period - Slapshot by Jonas Brodin.
14:42 of 1st period - Stopped by Jeremy Swayman with a rebound.
14:44 of 1st period - Wrist shot by Marc Michaelis.
14:44 of 1st period - Shot Misses the Net.
14:46 of 1st period - Slapshot by Dillon Heatherington.
14:46 of 1st period - Shot Misses the Net.
14:48 of 1st period - Wrist shot by Jonas Brodin.
14:48 of 1st period - Shot Blocked by Max Gortz.
14:50 of 1st period - Slapshot by Dillon Heatherington.
14:50 of 1st period - Stopped by Jeremy Swayman without a rebound.
14:51 of 1st period - Joel Eriksson Ek wins face-off versus Adam Brooks in Penguins zone.
14:56 of 1st period - Wrist shot by Joel Eriksson Ek.
14:56 of 1st period - Shot Blocked by Brett Kulak.
15:04 of 1st period - Wrist shot by Iven Barbashev.
15:04 of 1st period - Stopped by Connor Hellebyuk without a rebound.
15:05 of 1st period - Adam Brooks wins face-off versus Teemu Pulkkinen in Americans zone.
15:14 of 1st period - Snap shot by Iven Barbashev.
15:14 of 1st period - Stopped by Connor Hellebyuk without a rebound.
15:15 of 1st period - Adam Brooks wins face-off versus Joel Eriksson Ek in Americans zone.
15:16 of 1st period - Snap shot by Mathew Barzal.
15:16 of 1st period - Stopped by Connor Hellebyuk with a rebound.
15:18 of 1st period - Slapshot by Brett Kulak.
15:18 of 1st period - Stopped by Connor Hellebyuk with a rebound.
15:56 of 1st period - Wrist shot by Mathew Barzal.
15:56 of 1st period - Stopped by Connor Hellebyuk with a rebound.
15:58 of 1st period - Snap shot by Iven Barbashev.
15:58 of 1st period - Stopped by Connor Hellebyuk without a rebound.
15:59 of 1st period - Nathan Noel wins face-off versus Philipp Kurashev in Americans zone.
16:04 of 1st period - Wrist shot by Victor Mete.
16:04 of 1st period - Stopped by Jeremy Swayman with a rebound.
16:06 of 1st period - Slapshot by Victor Mete.
16:06 of 1st period - Stopped by Jeremy Swayman without a rebound.
16:07 of 1st period - Philipp Kurashev wins face-off versus Nathan Noel in Penguins zone.
16:44 of 1st period - Snap shot by Marc Michaelis.
16:44 of 1st period - Shot Misses the Net.
16:46 of 1st period - Snap shot by Tarmo Reunanen.
16:46 of 1st period - Shot Blocked by Dakota Mermis.
16:48 of 1st period - Slapshot by Victor Mete.
16:48 of 1st period - Stopped by Jeremy Swayman without a rebound.
16:49 of 1st period - Adam Brooks wins face-off versus Joel Eriksson Ek in Penguins zone.
16:49 of 1st period - Adam Brooks is hit by Dillon Heatherington.
16:57 of 1st period - Slapshot by Gavin Bayreuther.
16:57 of 1st period - Shot Misses the Net.
16:59 of 1st period - Slapshot by Brett Kulak.
16:59 of 1st period - Shot Misses the Net.
17:01 of 1st period - Slapshot by Gavin Bayreuther.
17:01 of 1st period - Shot Misses the Net.
17:03 of 1st period - Wrist shot by Iven Barbashev.
17:03 of 1st period - Shot Misses the Net.
17:05 of 1st period - Slapshot by Gavin Bayreuther.
17:05 of 1st period - Deflect By Jonas Brodin.
17:05 of 1st period - Stopped by Connor Hellebyuk with a rebound.
17:20 of 1st period - Jonas Brodin is hit by Matthew Finn.
17:44 of 1st period - Slapshot by Dillon Heatherington.
17:44 of 1st period - Stopped by Jeremy Swayman without a rebound.
17:45 of 1st period - Joel Eriksson Ek wins face-off versus Adam Brooks in Penguins zone.
17:48 of 1st period - Wrist shot by Teemu Pulkkinen.
17:48 of 1st period - Goal by Teemu Pulkkinen - Penguins : 0 - Americans : 2.
17:49 of 1st period - Teemu Pulkkinen wins face-off versus Adam Brooks in neutral zone.
17:54 of 1st period - Snap shot by Teemu Pulkkinen.
17:54 of 1st period - Shot Misses the Net.
18:14 of 1st period - Brett Kulak is hit by Dillon Heatherington and loses puck.
18:23 of 1st period - Snap shot by Philipp Kurashev.
18:23 of 1st period - Stopped by Connor Hellebyuk with a rebound.
18:43 of 1st period - Wrist shot by Maxim Mamin.
18:43 of 1st period - Stopped by Jeremy Swayman with a rebound.
18:45 of 1st period - Snap shot by Dillon Heatherington.
18:45 of 1st period - Shot Blocked by Ryan MacInnis.
19:01 of 1st period - Slapshot by Victor Mete.
19:01 of 1st period - Shot Misses the Net.
19:03 of 1st period - Snap shot by Victor Mete.
19:03 of 1st period - Stopped by Jeremy Swayman with a rebound.
19:05 of 1st period - Slapshot by Tarmo Reunanen.
19:05 of 1st period - Stopped by Jeremy Swayman without a rebound.
19:06 of 1st period - Joel Eriksson Ek wins face-off versus Philipp Kurashev in Penguins zone.
19:33 of 1st period - Victor Mete is hit by Brett Kulak.
19:39 of 1st period - Snap shot by Nathan Noel.
19:39 of 1st period - Stopped by Jeremy Swayman with a rebound.
19:41 of 1st period - Wrist shot by Nathan Noel.
19:41 of 1st period - Shot Misses the Net.
19:43 of 1st period - Snap shot by Marc Michaelis.
19:43 of 1st period - Shot Blocked by Gavin Bayreuther.
Goals for this period are 0 for Penguins vs 2 for Americans.
Shots for this period are 15 for Penguins vs 15 for Americans.

2nd period


0:01 of 2nd period - Joel Eriksson Ek wins face-off versus Adam Brooks in neutral zone.
0:34 of 2nd period - Wrist shot by Gavin Bayreuther.
0:34 of 2nd period - Deflect By Jonas Brodin.
0:34 of 2nd period - Goal by Gavin Bayreuther - Penguins : 1 - Americans : 2.
0:35 of 2nd period - Adam Brooks wins face-off versus Joel Eriksson Ek in neutral zone.
1:08 of 2nd period - Wrist shot by Philipp Kurashev.
1:08 of 2nd period - Shot Blocked by Marc Michaelis.
1:10 of 2nd period - Snap shot by Max Gortz.
1:10 of 2nd period - Stopped by Connor Hellebyuk without a rebound.
1:11 of 2nd period - Philipp Kurashev wins face-off versus Nathan Noel in Americans zone.
1:26 of 2nd period - Snap shot by Dakota Mermis.
1:26 of 2nd period - Deflect By Dillon Heatherington.
1:26 of 2nd period - Stopped by Connor Hellebyuk without a rebound.
1:27 of 2nd period - Teemu Pulkkinen wins face-off versus Adam Brooks in Americans zone.
1:54 of 2nd period - Eetu Luostarinen is hit by Marc Michaelis and loses puck.
2:55 of 2nd period - Slapshot by John Leonard.
2:55 of 2nd period - Goal by John Leonard - Penguins : 1 - Americans : 3.
2:56 of 2nd period - Adam Brooks wins face-off versus Joel Eriksson Ek in neutral zone.
2:58 of 2nd period - Minor Penalty to Adam Brooks for Hooking.
2:59 of 2nd period - Max Gortz wins face-off versus Joel Eriksson Ek in Penguins zone.
3:31 of 2nd period - Slapshot by Jonas Brodin.
3:31 of 2nd period - Goal by Jonas Brodin - Penguins : 1 - Americans : 4.
3:31 of 2nd period - Anthony Stolarz enters game.
3:32 of 2nd period - Joel Eriksson Ek wins face-off versus Adam Brooks in neutral zone.
3:35 of 2nd period - Snap shot by Teemu Pulkkinen.
3:35 of 2nd period - Stopped by Anthony Stolarz with a rebound.
3:57 of 2nd period - Philipp Kurashev is hit by Victor Mete and loses puck.
4:32 of 2nd period - Minor Penalty to Matthew Finn for High sticking.
4:33 of 2nd period - Adam Brooks wins face-off versus Joel Eriksson Ek in Penguins zone.
4:42 of 2nd period - Wrist shot by Iven Barbashev.
4:42 of 2nd period - Shot Blocked by Dillon Heatherington.
5:04 of 2nd period - Slapshot by Jonas Brodin.
5:04 of 2nd period - Goal by Jonas Brodin - Penguins : 1 - Americans : 5.
5:05 of 2nd period - Joel Eriksson Ek wins face-off versus Adam Brooks in neutral zone.
5:10 of 2nd period - Snap shot by Joel Eriksson Ek.
5:10 of 2nd period - Goal by Joel Eriksson Ek - Penguins : 1 - Americans : 6.
5:11 of 2nd period - Joel Eriksson Ek wins face-off versus Adam Brooks in neutral zone.
5:42 of 2nd period - Off-side.
5:43 of 2nd period - Philipp Kurashev wins face-off versus Nathan Noel in neutral zone.
5:46 of 2nd period - Nathan Noel is hit by Matthew Finn and loses puck.
5:51 of 2nd period - Snap shot by Philipp Kurashev.
5:51 of 2nd period - Shot Misses the Net.
6:13 of 2nd period - Snap shot by Adam Brooks.
6:13 of 2nd period - Shot Blocked by Richard Nejezchleb.
6:15 of 2nd period - Snap shot by Adam Brooks.
6:15 of 2nd period - Stopped by Connor Hellebyuk without a rebound.
6:16 of 2nd period - Joel Eriksson Ek wins face-off versus Adam Brooks in Americans zone.
6:25 of 2nd period - Slapshot by Victor Mete.
6:25 of 2nd period - Shot Hit the Post.
6:47 of 2nd period - Snap shot by Sam Kurker.
6:47 of 2nd period - Stopped by Connor Hellebyuk without a rebound.
6:48 of 2nd period - Maxim Mamin wins face-off versus Ryan MacInnis in Americans zone.
6:48 of 2nd period - Maxim Mamin is hit by Sam Kurker.
7:15 of 2nd period - Slapshot by Iven Barbashev.
7:15 of 2nd period - Shot Misses the Net.
7:17 of 2nd period - Snap shot by Dakota Mermis.
7:17 of 2nd period - Stopped by Connor Hellebyuk without a rebound.
7:18 of 2nd period - Adam Brooks wins face-off versus Nathan Noel in Americans zone.
7:37 of 2nd period - Tarmo Reunanen is hit by Iven Barbashev and loses puck.
7:44 of 2nd period - Gavin Bayreuther is hit by Alex Schoenborn.
8:02 of 2nd period - Wrist shot by Iven Barbashev.
8:02 of 2nd period - Shot Misses the Net.
8:35 of 2nd period - Slapshot by Victor Mete.
8:35 of 2nd period - Stopped by Anthony Stolarz with a rebound.
8:47 of 2nd period - Snap shot by Iven Barbashev.
8:47 of 2nd period - Stopped by Connor Hellebyuk with a rebound.
8:49 of 2nd period - Snap shot by Noah Dobson.
8:49 of 2nd period - Stopped by Connor Hellebyuk with a rebound.
9:11 of 2nd period - Slapshot by Nathan Noel.
9:11 of 2nd period - Stopped by Anthony Stolarz with a rebound.
9:17 of 2nd period - Marc Michaelis is hit by Adam Brooks and loses puck.
9:44 of 2nd period - Slapshot by Victor Mete.
9:44 of 2nd period - Shot Misses the Net.
10:16 of 2nd period - Wrist shot by Iven Barbashev.
10:16 of 2nd period - Stopped by Connor Hellebyuk without a rebound.
10:17 of 2nd period - Philipp Kurashev wins face-off versus Richard Nejezchleb in Americans zone.
10:41 of 2nd period - Icing by Richard Nejezchleb.
10:42 of 2nd period - Richard Nejezchleb wins face-off versus Ryan MacInnis in Americans zone.
11:10 of 2nd period - Off-side.
11:11 of 2nd period - John Leonard wins face-off versus Philipp Kurashev in neutral zone.
12:02 of 2nd period - Wrist shot by Daniel Sprong.
12:02 of 2nd period - Shot Blocked by Jesper Boqvist.
12:41 of 2nd period - Wrist shot by Ryan MacInnis.
12:41 of 2nd period - Stopped by Connor Hellebyuk with a rebound.
12:55 of 2nd period - Snap shot by Maxim Mamin.
12:55 of 2nd period - Shot Misses the Net.
12:57 of 2nd period - Slapshot by Maxim Mamin.
12:57 of 2nd period - Shot Misses the Net.
13:35 of 2nd period - Slapshot by Gavin Bayreuther.
13:35 of 2nd period - Stopped by Connor Hellebyuk with a rebound.
14:46 of 2nd period - Xavier Bouchard is hit by Gavin Bayreuther and loses puck.
17:37 of 2nd period - Ryan MacInnis is hit by Jesperi Kotkaniemi.
17:58 of 2nd period - Kevin Stenlund is hit by Maxim Mamin and loses puck.
19:00 of 2nd period - Wrist shot by Maxim Mamin.
19:00 of 2nd period - Shot Misses the Net.
19:06 of 2nd period - Wrist shot by Maxim Mamin.
19:06 of 2nd period - Shot Blocked by Dakota Mermis.
19:30 of 2nd period - Snap shot by Teemu Pulkkinen.
19:30 of 2nd period - Stopped by Anthony Stolarz without a rebound.
19:31 of 2nd period - Jesper Boqvist wins face-off versus Joel Eriksson Ek in Penguins zone.
Goals for this period are 1 for Penguins vs 4 for Americans.
Shots for this period are 11 for Penguins vs 8 for Americans.

3rd period


0:01 of 3rd period - Joel Eriksson Ek wins face-off versus Adam Brooks in neutral zone.
0:52 of 3rd period - Snap shot by John Leonard.
0:52 of 3rd period - Shot Misses the Net.
1:51 of 3rd period - Jesper Boqvist is hit by Alex Schoenborn and loses puck.
3:57 of 3rd period - Mathew Barzal is hit by Jesperi Kotkaniemi.
4:15 of 3rd period - Slapshot by Sampo Ranta.
4:15 of 3rd period - Shot Misses the Net.
4:30 of 3rd period - Xavier Bouchard is hit by Jesper Boqvist and loses puck.
5:09 of 3rd period - Wrist shot by Teemu Pulkkinen.
5:09 of 3rd period - Stopped by Anthony Stolarz without a rebound.
5:10 of 3rd period - Nathan Noel wins face-off versus Adam Brooks in Penguins zone.
5:13 of 3rd period - Slapshot by Alex Schoenborn.
5:13 of 3rd period - Stopped by Anthony Stolarz without a rebound.
5:14 of 3rd period - Adam Brooks wins face-off versus Nathan Noel in Penguins zone.
6:23 of 3rd period - Nathan Noel is hit by Adam Brooks and loses puck.
6:58 of 3rd period - Icing by Victor Mete.
6:59 of 3rd period - Mathew Barzal wins face-off versus Maxim Mamin in Americans zone.
7:02 of 3rd period - Wrist shot by Iven Barbashev.
7:02 of 3rd period - Shot Misses the Net.
7:16 of 3rd period - Wrist shot by Vladimir Tkachev.
7:16 of 3rd period - Shot Blocked by John Marino.
7:18 of 3rd period - Slapshot by Victor Mete.
7:18 of 3rd period - Stopped by Anthony Stolarz with a rebound.
7:20 of 3rd period - Slapshot by Victor Mete.
7:20 of 3rd period - Shot Misses the Net.
7:22 of 3rd period - Slapshot by Xavier Bouchard.
7:22 of 3rd period - Stopped by Anthony Stolarz with a rebound.
7:24 of 3rd period - Snap shot by Maxim Mamin.
7:24 of 3rd period - Shot Misses the Net.
7:28 of 3rd period - Slapshot by Maxim Mamin.
7:28 of 3rd period - Stopped by Anthony Stolarz with a rebound.
7:30 of 3rd period - Wrist shot by Victor Mete.
7:30 of 3rd period - Stopped by Anthony Stolarz with a rebound.
7:32 of 3rd period - Slapshot by Xavier Bouchard.
7:32 of 3rd period - Stopped by Anthony Stolarz with a rebound.
7:34 of 3rd period - Wrist shot by Daniel Sprong.
7:34 of 3rd period - Stopped by Anthony Stolarz with a rebound.
7:36 of 3rd period - Snap shot by Daniel Sprong.
7:36 of 3rd period - Shot Misses the Net.
7:38 of 3rd period - Slapshot by Victor Mete.
7:38 of 3rd period - Deflect By Iven Barbashev.
7:38 of 3rd period - Stopped by Anthony Stolarz with a rebound.
7:40 of 3rd period - Snap shot by Daniel Sprong.
7:40 of 3rd period - Deflect By Dakota Mermis.
7:40 of 3rd period - Shot Blocked by John Marino.
7:40 of 3rd period - Puck is out of play.
7:41 of 3rd period - Philipp Kurashev wins face-off versus Joel Eriksson Ek in Penguins zone.
7:48 of 3rd period - Snap shot by Max Gortz.
7:48 of 3rd period - Stopped by Connor Hellebyuk without a rebound.
7:49 of 3rd period - Joel Eriksson Ek wins face-off versus Philipp Kurashev in Americans zone.
8:20 of 3rd period - Slapshot by Brett Kulak.
8:20 of 3rd period - Shot Misses the Net.
8:22 of 3rd period - Slapshot by Brett Kulak.
8:22 of 3rd period - Stopped by Connor Hellebyuk without a rebound.
8:23 of 3rd period - Adam Brooks wins face-off versus Joel Eriksson Ek in Americans zone.
8:26 of 3rd period - Snap shot by Mathew Barzal.
8:26 of 3rd period - Stopped by Connor Hellebyuk with a rebound.
8:36 of 3rd period - Wrist shot by Iven Barbashev.
8:36 of 3rd period - Stopped by Connor Hellebyuk with a rebound.
9:09 of 3rd period - Snap shot by Ryan MacInnis.
9:09 of 3rd period - Shot Blocked by Tarmo Reunanen.
9:51 of 3rd period - Snap shot by Teemu Pulkkinen.
9:51 of 3rd period - Shot Misses the Net.
10:40 of 3rd period - Wrist shot by Maxim Mamin.
10:40 of 3rd period - Shot Misses the Net.
11:12 of 3rd period - Minor Penalty to Iven Barbashev for Interference.
11:13 of 3rd period - Adam Brooks wins face-off versus Joel Eriksson Ek in Penguins zone.
11:44 of 3rd period - Snap shot by Marc Michaelis.
11:44 of 3rd period - Shot Misses the Net.
11:46 of 3rd period - Slapshot by Dillon Heatherington.
11:46 of 3rd period - Goal by Dillon Heatherington - Penguins : 1 - Americans : 7.
11:47 of 3rd period - Joel Eriksson Ek wins face-off versus Philipp Kurashev in neutral zone.
12:01 of 3rd period - Teemu Pulkkinen is hit by Philipp Kurashev and loses puck.
12:21 of 3rd period - Snap shot by Mathew Barzal.
12:21 of 3rd period - Stopped by Connor Hellebyuk without a rebound.
12:22 of 3rd period - Philipp Kurashev wins face-off versus Nathan Noel in Americans zone.
12:31 of 3rd period - Wrist shot by Philipp Kurashev.
12:31 of 3rd period - Shot Misses the Net.
12:47 of 3rd period - John Marino is hit by Victor Mete and loses puck.
13:16 of 3rd period - Wrist shot by Ryan MacInnis.
13:16 of 3rd period - Shot Misses the Net.
14:05 of 3rd period - Wrist shot by Marc Michaelis.
14:05 of 3rd period - Stopped by Anthony Stolarz with a rebound.
14:49 of 3rd period - Snap shot by Maxim Mamin.
14:49 of 3rd period - Stopped by Anthony Stolarz with a rebound.
15:05 of 3rd period - Max Gortz is hit by Tarmo Reunanen and loses puck.
16:01 of 3rd period - Dakota Mermis is hit by Xavier Bouchard.
16:03 of 3rd period - Snap shot by Ryan MacInnis.
16:03 of 3rd period - Stopped by Connor Hellebyuk with a rebound.
16:05 of 3rd period - Slapshot by Ryan MacInnis.
16:05 of 3rd period - Shot Blocked by Alex Schoenborn.
16:17 of 3rd period - Minor Penalty to Alex Schoenborn for Holding Stick.
16:18 of 3rd period - Adam Brooks wins face-off versus Teemu Pulkkinen in Americans zone.
16:21 of 3rd period - Slapshot by Gavin Bayreuther.
16:21 of 3rd period - Shot Blocked by Dillon Heatherington.
16:23 of 3rd period - Snap shot by Adam Brooks.
16:23 of 3rd period - Stopped by Connor Hellebyuk with a rebound.
18:06 of 3rd period - Joel Eriksson Ek is hit by Brett Kulak and loses puck.
18:17 of 3rd period - Penalty to Alex Schoenborn is over, Alex Schoenborn is back on ice.
18:35 of 3rd period - Noah Dobson is hit by Spencer Stastney and loses puck.
18:54 of 3rd period - Snap shot by Nathan Noel.
18:54 of 3rd period - Shot Blocked by Noah Dobson.
18:56 of 3rd period - Slapshot by Xavier Bouchard.
18:56 of 3rd period - Stopped by Anthony Stolarz with a rebound.
19:08 of 3rd period - Sampo Ranta is hit by Tarmo Reunanen and loses puck.
19:15 of 3rd period - Wrist shot by Vladimir Tkachev.
19:15 of 3rd period - Stopped by Anthony Stolarz without a rebound.
19:16 of 3rd period - Ryan MacInnis wins face-off versus Nathan Noel in Penguins zone.
19:16 of 3rd period - Ryan MacInnis is hit by Nathan Noel.
Goals for this period are 0 for Penguins vs 1 for Americans.
Shots for this period are 7 for Penguins vs 14 for Americans. Output by the SimonT Hockey Simulator (STHS) for Francois Prevost - Original Page W3C HTML5 Valid
Hockey Simulator - Hockey Simulation - Hockey Manager